 Dungeon Crawl Stone Soup version 0.19.4-9-g45fd643 (webtiles) character file.

37 Gorglomux the Shooter (level 3, -5/29 HPs)
             Began as a Centaur Hunter on Feb 20, 2017.
             Slain by Sigmund
             ... wielding a +0 scythe
              (12 damage)
             ... on level 2 of the Dungeon.
             The game lasted 00:04:26 (1441 turns).

Gorglomux the Shooter (Centaur Hunter)              Turns: 1441, Time: 00:04:26

Health: -5/29      AC:  4    Str: 14    XL:     3   Next: 23%
Magic:  3/3        EV:  9    Int: 10    God:
Gold:   62         SH:  0    Dex: 10    Spells: 0 memorised, 2 levels left

rFire  . . .     SeeInvis .     a - +1 shortbow
rCold  . . .     Gourm    .     c - +0 leather armour
rNeg   . . .     Faith    .     (shield currently unavailable)
rPois  .         Spirit   .     (no helmet)
rElec  .         Reflect  .     (no cloak)
rCorr  .         Harm     .     (no gloves)
MR     .....                    (no barding)
Stlth  ..........               (no amulet)
                                (no ring)
                                (no ring)

@: confused, very quick
A: hooves 3, deformed body, speed 2, tough skin 3
a: no special abilities


You were on level 2 of the Dungeon.
You were not hungry.

You visited 1 branch of the dungeon, and saw 2 of its levels.

You collected 62 gold pieces.

Inventory:

Hand Weapons
 a - a +1 shortbow (weapon)
 b - a +0 short sword
 i - a +0 hunting sling
Missiles
 d - 15 arrows (quivered)
 j - 12 sling bullets
 k - 38 stones
Armour
 c - a +0 leather armour (worn)
Jewellery
 l - an uncursed amulet of guardian spirit {unknown}
Scrolls
 g - a scroll of magic mapping {unknown}
 h - a scroll of blinking {unknown}
 n - a scroll of identify {unknown}
 q - 3 scrolls of remove curse {unknown}
 r - a scroll of random uselessness {unknown}
 t - a scroll of enchant weapon {unknown}
Potions
 e - a potion of magic {unknown}
 p - a potion of flight {unknown}
 u - a potion of mutation {unknown}
 v - a potion of degeneration {unknown}
 w - a potion of haste {unknown}
 x - a potion of curing {unknown}
Comestibles
 f - 2 bread rations
 m - a chunk of flesh
 o - a beef jerky
 s - a slice of pizza


   Skills:
 - Level 2.0 Fighting
 + Level 6.8 Bows
 - Level 1.3 Dodging
 - Level 0.4 Stealth


You had 2 spell levels left.
You didn't know any spells.

Dungeon Overview and Level Annotations

Branches:
Dungeon (2/15)

Altars:
Xom

Annotations:
D:2 Sigmund


Innate Abilities, Weirdness & Mutations

You have hooves in place of feet.
Armour fits poorly on your strangely shaped body.
You cover ground very quickly.
You have extremely tough skin. (AC +3)


Message History

Firing (i - inventory. (,) - cycle):
d - 19 arrows (quivered)
Press: ? - help, Shift-Dir - straight line, f/p - Sigmund
Aim: Sigmund, wielding a scythe and wearing a robe (severely wounded)
You shoot an arrow.
Firing (i - inventory. (,) - cycle):
d - 18 arrows (quivered)
Press: ? - help, Shift-Dir - straight line, f/p - Sigmund
Aim: Sigmund, wielding a scythe and wearing a robe (severely wounded)
You shoot an arrow.
Sigmund hits you from afar with a scythe.
* * * LOW HITPOINT WARNING * * *
Firing (i - inventory. (,) - cycle):
d - 17 arrows (quivered)
Press: ? - help, Shift-Dir - straight line, f/p - Sigmund
Aim: Sigmund, wielding a scythe and wearing a robe (severely wounded)
You shoot an arrow.
Firing (i - inventory. (,) - cycle):
d - 16 arrows (quivered)
Press: ? - help, Shift-Dir - straight line, f/p - Sigmund
Aim: Sigmund, wielding a scythe and wearing a robe (severely wounded)
You shoot an arrow.
Sigmund hits you from afar with a scythe!
You die...

..#####...................#
........#######.#.##...##.######
#..##.#.# #.#.##.#.##......#
#..##.#.# #.#(##...<#......##
...##.#.# ##.........#......#.
..(##(#.## #......###........#.
....(....# ##.#.#..####..#+##.'.
...##....####....#........#....#.
...#........#...@.@((.(#..#......
. ##.#...###.##########.>.....##
#.#.........(..(.(....#.....#
#.....####.#...........#.#...#
#..##.# #.....######........# #..
#.# ###.......###.#.#..## #. #.#
#.#.....###.#.#..## #. #.#
#.#.....#...#...... ..
#.#.....#.#.#....##


You could see Sigmund.

Vanquished Creatures
  An adder (D:2)
  3 worms (D:2)
  A bat (D:2)
  2 goblins
  A hobgoblin (D:2)
  3 jackals (D:1)
  3 kobolds
  A quokka (D:2)
  5 rats (D:1)
20 creatures vanquished.

Notes
Turn   | Place    | Note
-------+----------+-------------------------------------------
     0 | D:1      | Gorglomux the Centaur Hunter began the quest for the Orb.
     0 | D:1      | Reached XP level 1. HP: 17/17 MP: 1/1
   271 | D:1      | Reached XP level 2. HP: 24/24 MP: 2/2
   667 | D:1      | Reached skill level 6 in Bows
  1043 | D:2      | Found a shimmering altar of Xom.
  1355 | D:2      | Noticed Sigmund
  1434 | D:2      | Reached XP level 3. HP: 12/29 MP: 3/3
  1441 | D:2      | Slain by Sigmund

Skill      XL: |  1  2 |
---------------+-------+-----
Bows           | 6 |  6.8
Fighting       | |  2.0
Dodging        | |  1.3
Stealth        | |  0.4

Action                   || total
-------------------------++-------
 Fire: Hunting sling     ||    98
       Shortbow          ||    19
Armor: Leather armour    ||    23
Dodge: Dodged            ||    22
